 Dungeon Crawl Stone Soup version 0.28.0-45-g0d030f2227 (webtiles) character file.

Game seed: 10774252004172789140

72 yohohoo the Ducker (level 4, -10/24 HPs)
             Began as a Spriggan Abyssal Knight on Apr 4, 2022.
             Was a Believer of Lugonu.
             Mangled by Terence
             ... wielding a +2 vorpal hand axe
              (14 damage)
             ... on level 3 of the Dungeon.
             The game lasted 00:11:57 (2593 turns).

yohohoo the Ducker (Spriggan Abyssal Knight)        Turns: 2593, Time: 00:11:58

Health: -10/24     AC:  2    Str:  9    XL:     4   Next: 7%
Magic:  6/6        EV: 18    Int: 13    God:    Lugonu [**....]
Gold:   47         SH:  0    Dex: 15    Spells: 3/3 levels left

rFire   . . .      SeeInvis +   a - +2 short sword (chaos)
rCold   . . .      Faith    .   (no shield)
rNeg    . . .      Spirit   .   b - +0 robe
rPois   .          Reflect  .   (helmet restricted)
rElec   .          Harm     .   (no cloak)
rCorr   .          Rampage  .   (gloves unavailable)
Will    .....                   (boots unavailable)
Stlth   ++........              (no amulet)
HPRegen 0.08/turn               (no ring)
MPRegen 0.10/turn               (no ring)

@: mighty, very quick
A: very small, no large weapons, unfitting armour, see invisible, speed 3
a: Renounce Religion, Depart the Abyss, Bend Space


You were on level 3 of the Dungeon.
You worshipped Lugonu.
Lugonu was pleased with you.
You visited 1 branch of the dungeon, and saw 3 of its levels.
You visited the Abyss 1 time.

You collected 47 gold pieces.

Inventory:

Hand Weapons
 a - a +2 short sword of chaos (weapon)
 d - a +0 falchion
Armour
 b - a +0 robe (worn)
 e - a +0 ring mail
 g - a +0 ring mail
 i - a +0 leather armour
Scrolls
 c - a scroll of identify
Potions
 h - a potion of attraction
 k - a potion of degeneration


   Skills:
 + Level 3.1 Fighting
 + Level 3.1 Short Blades
 + Level 4.2 Dodging
 + Level 0.7 Stealth
 + Level 2.0 Invocations


You had 3 spell levels left.
You didn't know any spells.
Your spell library was empty.

Dungeon Overview and Level Annotations

Branches:
Dungeon (3/15)

Altars:
Xom

Annotations:
D:3 Terence


Innate Abilities, Weirdness & Mutations

You are very small and have problems with some larger weapons.
You are too small for most types of armour.
You have supernaturally acute eyesight. (SInv)
You cover ground extremely quickly. (Speed+++)


Message History

You barely miss Terence. Terence misses you.
You hit Terence but do no damage. You punch Terence, but do no damage.
The quokka barely misses you.
Terence hits you with a +2 vorpal hand axe!
You hit Terence.
Terence is lightly wounded.
The quokka misses you. Terence completely misses you.
You hit the quokka.
The quokka seems to slow down.
The quokka is severely wounded.
The quokka misses you. Terence completely misses you.
You hit the quokka. You burn the quokka.
You kill the quokka!
Lugonu accepts your kill. Terence misses you.
You barely miss Terence.
Terence is lightly wounded.
Terence misses you.
You hit Terence. You freeze Terence.
Terence is moderately wounded.
Terence misses you.
You barely miss Terence.
Terence is moderately wounded.
Terence misses you.
You closely miss Terence.
Terence is moderately wounded.
Terence barely misses you.
You hit Terence but do no damage.
Terence seems to grow stronger.
Terence is moderately wounded.
Terence hits you with a +2 vorpal hand axe!
* * * LOW HITPOINT WARNING * * *
x2 You hit Terence but do no damage.
Terence seems to slow down.
Terence is moderately wounded.
Terence barely misses you.
You start resting.
Terence is nearby!
Terence says, "Don't bother to defend, it's senseless."
You feel very mighty all of a sudden.
Terence hits you with a +2 vorpal hand axe!
Ouch! That really hurt!
You die...

##### ##...##
##.....##
#.......#
#.......#
#.......#
##.@...##
#...@...#
#......<#
#.......#
#######.....##
#..........## #
#.######..##
... #..####
#.#.
#.....####.....


You could see Terence (strong).

Vanquished Creatures
  2 adders (D:2)
  2 worms (D:2)
  2 dart slugs
  3 endoplasms
  A giant cockroach (D:2)
  4 hobgoblins
  7 jackals (D:1)
  3 quokkas
  5 ball pythons
  3 bats
  A frilled lizard (D:2)
  4 kobolds
  4 rats
41 creatures vanquished.

Notes
Turn   | Place    | Note
-------+----------+-------------------------------------------
     0 | Abyss:1  | yohohoo the Spriggan Abyssal Knight began the quest for the
                  | Orb.
     0 | Abyss:1  | Reached XP level 1. HP: 11/11 MP: 3/3
     3 | D:1      | Escaped the Abyss
    65 | D:1      | Reached * piety under Lugonu
    79 | D:1      | Reached XP level 2. HP: 4/16 MP: 4/4
   660 | D:1      | Found a faded altar of an unknown god.
   743 | D:1      | Reached XP level 3. HP: 10/19 MP: 5/5
  1117 | D:2      | Reached ** piety under Lugonu
  1179 | D:2      | Reached skill level 4 in Dodging
  1830 | D:2      | Reached XP level 4. HP: 4/24 MP: 6/6
  2319 | D:2      | Found a shimmering altar of Xom.
  2543 | D:3      | Noticed Terence
  2593 | D:3      | Mangled by Terence

Illustrated notes

Levels and vault maps discovered:
D:1:      elethiomel_arrival_quiet, layout_loops_ring, serial_shops,
          nicolae_shop_stone, nicolae_ecumenical_snake_handling
D:2:      layout_basic, kennysheep_flooded_box
D:3:      layout_rooms, mainiacjoe_overflow_cross_hatched, serial_corexii_hall,
          corexii_hall_statues_l, chequers_hall_statues_y, uniq_terence

Skill      XL: |  1  2  3 |
---------------+----------+-----
Invocations    | 2 |  2.0
Dodging        | 4 |  4.2
Fighting       | 3 |  3.1
Short Blades   | 3 |  3.1
Stealth        | |  0.7

Action                   |  1- 3 |  4- 6 || total
-------------------------+-------+-------++-------
Melee: Short sword       |   197 |    16 ||   213
       Punch             |     1 |     1 ||     2
Invok: Depart the Abyss  |     1 |       ||     1
       Bend Space        |     2 |       ||     2
  Use: Scroll            |     6 |     4 ||    10
       Potion            |     1 |     1 ||     2
 Stab: Sleeping          |     2 |       ||     2
Armor: Robe              |    50 |     2 ||    52
Dodge: Dodged            |   217 |    15 ||   232
